 Dungeon Crawl Stone Soup version 0.31-a0-818-ge7c7cf74f0 (webtiles) character file.

Game seed: 12163295540058041261

16730 Kurtz the Carver (level 12, -1/91 HPs)
             Began as an Octopode Fighter on Sept 22, 2023.
             Was a High Priest of Okawaru.
             Slain by an unseen horror (5 damage)
             ... on level 12 of the Dungeon.
             The game lasted 00:26:09 (16188 turns).

Kurtz the Carver (Octopode Fighter)                Turns: 16188, Time: 00:26:09

Health: -1/91      AC:  5    Str: 25    XL:     12   Next: 40%
Magic:  13/13      EV: 17    Int: 10    God:    Okawaru [*****.]
Gold:   1682       SH: 12    Dex: 19    Spells: 11/11 levels left

rFire   + . .        U - +1 scimitar (flame)
rCold   . . .        q - +2 buckler
rNeg    . . .        (helmet restricted)
rPois   .            v - amulet of reflection
rElec   .            l - ring of protection from fire
rCorr   .            p - +4 ring of protection
SInv    .            z - +6 ring of dexterity
Will    .....        J - +6 ring of strength
Stlth   +++++        (no ring)
HPRegen 0.35/turn    (no ring)
MPRegen 0.13/turn    (no ring)
                     (no ring)

%: reflection
@: on berserk cooldown, hasted and slowed
A: almost no armour, amphibious, 8 rings, camouflage 1, gelatinous body 1,
(nimble swimmer 1), tentacles
a: Renounce Religion, Heroism, Finesse, Duel


You were on level 12 of the Dungeon.
You worshipped Okawaru.
Okawaru was extremely pleased with you.
You visited 2 branches of the dungeon, and saw 13 of its levels.
You also visited: Bailey.

You collected 1682 gold pieces.

Inventory:

Hand Weapons
 f - a +4 morningstar
 t - a +1 falchion of holy wrath
 w - a +2 dagger of holy wrath
 y - a +4 war axe of freezing
 U - a +1 scimitar of flaming (weapon)
Missiles
 g - 20 poisoned darts
 B - 2 throwing nets (quivered)
 C - 5 curare-tipped darts
 H - 3 silver javelins
 I - 12 javelins
Armour
 q - a +2 buckler (worn)
Jewellery
 l - a ring of protection from fire (left tentacle)
 p - a +4 ring of protection (right tentacle)
 v - an amulet of reflection (around mantle)
 z - a +6 ring of dexterity (on tentacle)
 J - a +6 ring of strength (on tentacle)
 M - an amulet of regeneration
 R - a +6 ring of strength
Talismans
 A - a blade talisman
Wands
 b - a wand of flame (12)
 x - a wand of charming (15)
 E - a wand of digging (8)
 Q - a wand of roots (5)
 S - a wand of light (3)
Scrolls
 h - 5 scrolls of teleportation
 j - 4 scrolls of enchant armour
 n - a scroll of torment
 s - 2 scrolls of vulnerability
 u - 2 scrolls of amnesia
 D - a scroll of silence {unknown}
 F - 2 scrolls of fog {unknown}
 K - a scroll of immolation {unknown}
 L - 2 scrolls of blinking {unknown}
 O - 3 scrolls of enchant weapon {unknown}
 P - a scroll of acquirement {unknown}
Potions
 a - a potion of brilliance
 c - 3 potions of might
 d - 3 potions of ambrosia
 i - 2 potions of enlightenment
 k - a potion of mutation
 m - a potion of attraction
 r - 2 potions of haste
 T - 2 potions of heal wounds {unknown}
Miscellaneous
 N - a lightning rod (4/4)


   Skills:
 * Level 12.0 Fighting
 - Level 14.0 Long Blades
 - Level 7.3 Dodging
 - Level 7.0 Stealth
 - Level 3.0 Shields
 - Level 1.6 Invocations


You had 11 spell levels left.
You didn't know any spells.
Your spell library contained the following spells:

 Spells                   Type           Power      Damage    Failure   Level
 Kiss of Death            Conj/Necr      0%         2d5       41%         1
 Ensorcelled Hibernation  Hex/Ice        0%         N/A       56%         2
 Confusing Touch          Hex            0%         N/A       80%         3
 Brom's Barrelling Bould  Conj/Erth      0%         2d3       99%         4
 Dispel Undead            Necr           0%         3d6       99%         4
 Chain Lightning          Conj/Air       0%         N/A       100%        9
 Summon Ice Beast         Ice/Summ       Unusable   N/A       N/A         4

Dungeon Overview and Level Annotations

Branches:
Dungeon (12/15)            Temple (1/1) D:7            Lair (0/5) D:9
    Orc (0/2) D:11         Bailey (visited)

Altars:
Ashenzari
Cheibriados
Dithmenos
Elyvilon
Fedhas
Gozag
Hepliaklqana
Kikubaaqudgha
Makhleb
Nemelex Xobeh
Okawaru
Qazlal
Ru
Sif Muna
Trog
Uskayaw
Vehumet
Wu Jian
Xom
Yredelemnul
Zin
The Shining One

Shops:
D:7 :   D:11 :

Annotations:
D:5 2 transporters, quakins's ghost, novice TeAE


Innate Abilities, Weirdness & Mutations

You cannot wear most types of armour.
You are amphibious.
You can wear up to eight rings at the same time.
Your skin changes colour to match your surroundings (Stealth+).
Your rubbery body absorbs attacks. (AC +1, EV +1)
((You are camouflaged when in or above water. (Stealth+)))
You have tentacles for arms and can constrict up to eight enemies at once.


Message History

You slice the manticore!! You burn the manticore.
Your squeeze misses the manticore.
The manticore is almost dead.
You block something's attack. The manticore bites you!
* * * LOW HITPOINT WARNING * * *
The manticore closely misses you. The manticore misses you.
Okay, then.
You slash the manticore! You burn the manticore.
You kill the manticore!
Okawaru accepts your kill. Something closely misses you.
Your base Fighting skill increases to level 12!
Found a stone staircase leading up.
You see here a manticore corpse.
You block something's attack.
You start resting.
Something hits you.
* * * LOW HITPOINT WARNING * * *
You closely miss something. You tentacle-slap something. Something misses you.
You block something's attack.
You hit something. You burn something. You squeeze something!
Something hits you.
* * * LOW HITPOINT WARNING * * *
A red film seems to cover your vision as you go berserk!
You feel yourself moving faster!
You feel mighty! Something hits you but does no damage.
You feel a strong urge to attack something.
You see here a manticore corpse.
Something hits you!
* * * LOW HITPOINT WARNING * * *
You feel your anger nearly subside.
Found a scimitar.
You are no longer berserk.
You are exhausted.
You feel yourself slow down.
You feel yourself speed up.
You feel like a meek peon again. Something hits you.
* * * LOW HITPOINT WARNING * * *
Something hits you.
You die...

.......#####).
#............#
#............#
##...<.......##
..............##.
..............
#.........#
#..@.....##
##.........#
###.........###
........)†....#
............#....#
...###.>...####..#
... ##......## ..
.. #.##....##. ...
#.##.......


There were no monsters in sight!

Vanquished Creatures
  Snorg (D:11)
  Erica (D:9)
  A centaur warrior (D:12)
  2 two-headed ogres (D:11)
  Urug (D:11)
  Pikel (D:9)
  A cyclops (D:11)
  2 manticores
  Joseph (D:9)
  An unseen horror (D:10)
  A rime drake (D:9)
  A komodo dragon (D:8)
  A polar bear (D:9)
  Grinder (D:4)
  A shadow (D:12)
  16 yaks (D:9)
  Grum (Bailey)
  A steam dragon (D:9)
  A wraith (D:11)
  4 vampire mosquitoes (D:10)
  2 water moccasins
  An acid dragon (D:12)
  2 sky beasts
  2 orc warriors
  A black bear (D:7)
  11 ice beasts
  2 ogres
  9 wolves
  6 centaurs
  3 lemures (D:9)
  2 phantoms
  Blork the orc (D:4)
  2 kobold brigands
  6 bullfrogs
  3 scorpions
  9 gnoll sergeants
  12 wights
  7 howler monkeys
  8 orc priests
  3 hounds
  Crazy Yiuf (D:4)
  3 jellies
  8 gnoll boudas
  A sleepcap (D:6)
  Jessica (D:2)
  3 iguanas
  7 orc wizards
  4 adders
  21 gnolls
  A shadow imp (D:7)
  A white imp (D:7)
  An ufetubus (D:4)
  2 worms
  2 dart slugs
  28 orcs
  12 ball pythons
  4 bats
  16 endoplasms
  9 giant cockroaches
  10 goblins
  3 hobgoblins
  8 jackals
  14 kobolds
  A quokka (D:1)
  3 frilled lizards
  17 rats
313 creatures vanquished.

Notes
Turn   | Place    | Note
-------+----------+-------------------------------------------
     0 | D:1      | Kurtz the Octopode Fighter began the quest for the Orb.
     0 | D:1      | Reached XP level 1. HP: 16/16 MP: 1/1
     2 | D:1      | Found a runed translucent door.
    63 | D:1      | Reached XP level 2. HP: 7/21 MP: 2/2
   315 | D:1      | Reached skill level 3 in Long Blades
   490 | D:1      | Reached XP level 3. HP: 26/26 MP: 3/3
  1075 | D:2      | Found a faded altar of an unknown god.
  1155 | D:2      | Reached skill level 1 in Stealth
  1287 | D:2      | Noticed Jessica
  1290 | D:2      | Killed Jessica
  1291 | D:2      | Reached XP level 4. HP: 31/31 MP: 4/4
  1387 | D:2      | Reached skill level 4 in Long Blades
  1818 | D:3      | Noticed a bullfrog
  1825 | D:3      | Killed a bullfrog
  1826 | D:3      | Reached XP level 5. HP: 27/36 MP: 5/5
  3080 | D:4      | Reached XP level 6. HP: 41/42 MP: 6/6
  3093 | D:4      | Reached skill level 5 in Long Blades
  3294 | D:4      | Noticed Blork the orc
  3317 | D:4      | Noticed Grinder
  3335 | D:4      | Paralysed by Grinder for 4 turns
  3523 | D:4      | Paralysed by Grinder for 5 turns
  3531 | D:4      | Killed Grinder
  3532 | D:4      | Reached skill level 6 in Long Blades
  3532 | D:4      | Reached skill level 5 in Stealth
  3532 | D:4      | Reached XP level 7. HP: 23/48 MP: 7/7
  3625 | D:5      | Entered Level 5 of the Dungeon
  3962 | D:5      | Found a transporter.
  3966 | D:5      | Noticed quakins's ghost (novice TeAE)
  4293 | D:5      | Reached skill level 5 in Dodging
  4293 | D:5      | Reached XP level 8. HP: 32/54 MP: 8/8
  4935 | D:5      | Found a transporter.
  6120 | D:6      | Reached skill level 7 in Long Blades
  6304 | D:6      | Reached XP level 9. HP: 42/58 MP: 9/9
  6405 | D:6      | Reached skill level 8 in Long Blades
  6479 | D:6      | HP: 2/56 [acid (7)]
  7202 | D:7      | Reached skill level 9 in Long Blades
  7394 | D:7      | Found Dynom's Vocational Training.
  7828 | D:7      | Found a staircase to the Ecumenical Temple.
  7864 | Temple   | Entered the Ecumenical Temple
  7897 | Temple   | Became a worshipper of Warmaster Okawaru
  8535 | D:7      | Got a fuliginous book
  8643 | D:7      | Reached skill level 10 in Long Blades
  8643 | D:7      | Reached skill level 1 in Invocations
  9248 | D:4      | Killed Blork the orc
  9402 | D:1      | Reached skill level 5 in Fighting
  9588 | D:4      | Reached XP level 10. HP: 52/66 MP: 9/11
  9656 | D:4      | Found a runed translucent door.
  9657 | D:4      | Noticed Crazy Yiuf
  9664 | D:4      | Killed Crazy Yiuf
  9664 | D:4      | Reached * piety under Okawaru
  9963 | D:8      | Found a glowing silver altar of Zin.
 10050 | D:8      | Reached skill level 11 in Long Blades
 11051 | D:9      | Found a flagged portal.
 11076 | D:9      | Reached ** piety under Okawaru
 11092 | D:9      | Reached skill level 12 in Long Blades
 11226 | Bailey   | Entered a bailey
 11578 | Bailey   | Reached *** piety under Okawaru
 11845 | Bailey   | Noticed Grum
 12147 | Bailey   | Reached skill level 13 in Long Blades
 12203 | Bailey   | Killed Grum
 12283 | Bailey   | Reached XP level 11. HP: 53/72 MP: 12/12
 12758 | D:9      | Noticed a manticore
 12765 | D:10     | Entered Level 10 of the Dungeon
 12867 | D:9      | Killed a manticore
 13246 | D:9      | Noticed Joseph
 13345 | D:9      | Noticed Pikel
 13372 | D:9      | Killed Pikel
 13373 | D:9      | Reached skill level 14 in Long Blades
 13412 | D:9      | Reached **** piety under Okawaru
 13569 | D:9      | Found a staircase to the Lair.
 13868 | D:9      | Killed Joseph
 13868 | D:9      | Reached ***** piety under Okawaru
 15018 | D:9      | Noticed Erica
 15024 | D:9      | Killed Erica
 15065 | D:11     | Noticed a cyclops
 15068 | D:11     | Found a radiant altar of Vehumet.
 15072 | D:11     | Killed a cyclops
 15073 | D:11     | Reached skill level 10 in Fighting
 15184 | D:11     | Noticed Snorg
 15189 | D:11     | Noticed a two-headed ogre
 15217 | D:11     | Killed a two-headed ogre
 15217 | D:11     | Received a gift from Okawaru
 15218 | D:11     | Reached XP level 12. HP: 88/88 MP: 13/13
 15255 | D:11     | Noticed Urug
 15528 | D:11     | Noticed a two-headed ogre
 15542 | D:11     | Killed a two-headed ogre
 15605 | D:11     | Killed Urug
 15609 | D:11     | Killed Snorg
 15669 | D:11     | Found a staircase to the Orcish Mines.
 15929 | D:11     | Found Runn's Tremendous Tomes.
 16157 | D:12     | Noticed a centaur warrior
 16175 | D:12     | Killed a centaur warrior
 16188 | D:12     | HP: 4/91 [something (4)]
 16188 | D:12     | Slain by an unseen horror

Illustrated notes

Levels and vault maps discovered:
D:1:      dpeg_arrival_caged_fury, layout_basic, grunt_decor_clamped,
          st_stairs_4, minmay_misc_feat_five
D:2:      layout_loops_ring, basic_ecumenical_altar,
          wad_floor_pattern_untrapped, uniq_jessica
D:3:      layout_loops_ring, kennysheep_generic_room_5
D:4:      layout_rooms, uniq_grinder, uniq_blork_the_orc,
          uniq_crazy_yiuf_cottage
D:5:      layout_layer_cave, gammafunk_ghost_stat_death
D:6:      layout_rooms, serial_park_tiny_2
D:7:      layout_basic, minmay_temple_entry_junction_2, grunt_decor_resistance,
          hangedman_abyss_or_decor_jellyfish_corner, st_stairs_2,
          nicolae_shop_vocational
D:8:      layout_cave_pods, zin_academy, minmay_checkerbox
D:9:      layout_loops_cross, hellmonk_lair_entry_icy, enter_bailey_3,
          uniq_pikel, uniq_erica, uniq_joseph
D:10:     layout_roguey, hex_intersection, corner_web_ring, skrybe_limestone_x
D:11:     layout_loops_cross, orc_0_dummy, nicolae_shop_i_like_big_books,
          fiery_altar_vehumet, uniq_urug, uniq_snorg
D:12:     layout_cave_pools, serial_shops, shop, uniq_rupert, uniq_josephine
Temple:   minmay_crystal_snake_temple

Skill      XL: |  1  2  3  4  5  6  7  8  9 10 11 12 |
---------------+-------------------------------------+-----
Long Blades    | 3 4 6 7 10 13 14 | 14.0
Stealth        | 1 3 4 5 6 7 |  7.0
Fighting       | 4 5 10 12 | 12.0
Dodging        | 5 7 |  7.3
Invocations    | 1 |  1.6
Shields        | |  3.0

Action                     |  1- 3 |  4- 6 |  7- 9 | 10-12 || total
---------------------------+-------+-------+-------+-------++-------
  Melee: Long sword        |    64 |    68 |       |       ||   132
         Constrict         |    17 |    23 |    61 |    71 ||   172
         Tentacles         |    13 |    19 |    71 |   157 ||   260
         Punch             |     3 |     1 |     3 |    11 ||    18
         Falchion          |       |    32 |   303 |    15 ||   350
         Scimitar          |       |       |       |   472 ||   472
  Throw: Dart              |       |       |    20 |    22 ||    42
         Throwing net      |       |       |       |     5 ||     5
 Invoke: Heroism           |       |       |       |     5 ||     5
  Evoke: Wand              |       |     2 |       |     2 ||     4
    Use: Scroll            |       |       |     8 |     8 ||    16
         Potion            |       |       |     4 |     5 ||     9
   Stab: Sleeping          |     9 |     8 |    12 |     5 ||    34
         Distracted        |       |     2 |       |     2 ||     4
         Held in net/web   |       |       |       |     5 ||     5
 Armour: Skin              |    16 |    38 |    97 |   176 ||   327
  Dodge: Dodged            |    29 |    53 |   134 |   287 ||   503
  Block: Buckler           |     9 |    16 |   131 |   257 ||   413
         Reflection        |       |       |       |     6 ||     6

Table legend: (Time is in decaauts)
 A = Elapsed time spent in this place.
 B = Non-inter-level travel time spent in this place.
 C = Inter-level travel time spent in this place.
 D = Time resting spent in this place.
 E = Time spent auto-exploring this place.
 F = Levels seen in this place.
 G = Mean time per level.
                   A        B        C        D        E       F      G
               +--------+--------+--------+--------+--------+-----+--------+
         Total |  16114 |  14878 |   1236 |   4642 |   6904 |  14 | 1151.0 |
       Dungeon |  14591 |  13421 |   1170 |   3915 |   6859 |  12 | 1215.9 |
        Temple |     66 |      1 |     65 |      0 |      0 |   1 |   66.0 |
        Bailey |   1456 |   1456 |      0 |    727 |     45 |   1 | 1456.0 |
               +--------+--------+--------+--------+--------+-----+--------+

Top non-repeatable levels by time:
     D:5: 2102 daAuts
     D:7: 1872 daAuts
     D:6: 1579 daAuts
     D:9: 1513 daAuts
  Bailey: 1456 daAuts
     D:3: 1334 daAuts
     D:8: 1234 daAuts
     D:1: 1203 daAuts
    D:10: 1155 daAuts
     D:4: 906 daAuts
     D:2: 821 daAuts
    D:11: 779 daAuts
    D:12: 87 daAuts
  Temple: 66 daAuts
